 Dungeon Crawl Stone Soup version 0.18-a0-1577-gf591c28 (webtiles) character file.

8600 4thArraOfDagon the Grappler (level 11, -1/86 (87) HPs)
             Began as a White Draconian Chaos Knight on Mar 17, 2016.
             Was a High Priest of Cheibriados.
             Slain by a white ugly thing (13 damage)
             ... on level 11 of the Dungeon.
             The game lasted 00:24:06 (7356 turns).

4thArraOfDagon the Grappler (DrCK)                  Turns: 7356, Time: 00:24:07

HP:   -1/86 (87)    AC: 11    Str: 26    XL:     11   Next: 12%
MP:   14/16         EV: 21    Int: 24    God:    Cheibriados [*****.]
Gold: 443           SH:  0    Dex: 27    Spells: 0 memorised, 10 levels left

rFire  . . .     SeeInvis .       - Unarmed
rCold  + + +     Gourm    .     (armour unavailable)
rNeg   . . .     Faith    .     (no shield)
rPois  +         Spirit   .     (helmet restricted)
rElec  .         Dismiss  .     s - +1 cloak {MR+}
rCorr  .         Reflect  .     y - +0 pair of gloves
SustAt .         Harm     .     v - +0 pair of boots
MR     +....                    (no amulet)
Stlth  ++........               z - +3 ring of dexterity
                                h - ring of protection from cold

@: very slow, somewhat resistant to hostile enchantments, unstealthy
A: breathe frost, unfitting armour, cold resistance 2, frail 1, poison
resistance, wild magic 1, cold-blooded, AC +7
a: Breathe Frost, Bend Time, Temporal Distortion, Slouch, Step From Time,
Renounce Religion


You were on level 11 of the Dungeon.
You worshipped Cheibriados.
Cheibriados was extremely pleased with you.
You were not hungry.

You visited 2 branches of the dungeon, and saw 12 of its levels.

You collected 443 gold pieces.

Inventory:

Armour
 s - a +1 cloak of magic resistance (worn)
 v - a +0 pair of boots (worn)
 y - a +0 pair of gloves (worn)
Jewellery
 h - a ring of protection from cold (left hand)
 i - an uncursed ring of resist corrosion
 z - a +3 ring of dexterity (right hand)
Wands
 g - a wand of flame (25/48)
 q - a wand of disintegration (11/24)
 t - a wand of random effects (24/48)
 u - a wand of iceblast (7/15)
 w - a wand of confusion (34/48)
 A - a wand of digging (13/24)
 B - a wand of polymorph (14/24)
 I - a wand of flame (20/48)
 K - a wand of digging (7/24)
Scrolls
 c - a scroll of enchant weapon {unknown}
 d - 2 scrolls of noise {unknown}
 e - 3 scrolls of blinking
 f - 5 scrolls of remove curse
 j - 2 scrolls of enchant armour {unknown}
 k - 2 scrolls of random uselessness {unknown}
 m - 3 scrolls of magic mapping {unknown}
 n - 2 scrolls of recharging {unknown}
 H - a scroll of fog {unknown}
Potions
 l - 2 potions of brilliance
 C - 2 potions of curing
 D - 2 potions of haste
 F - a potion of ambrosia {unknown}
 L - a potion of cancellation {unknown}
Books
 r - a book of the Sky

   Spells                             Type                      Level
   a - Summon Lightning Spire         Summoning/Air                4
   b - Airstrike                      Air                          4
   c - Silence                        Hexes/Air                    5
   d - Deflect Missiles               Charms/Air                   6
   e - Conjure Ball Lightning         Conjuration/Air              6
   f - Tornado                        Air                          9
Miscellaneous
 E - a phial of floods
Comestibles
 a - 12 bread rations
 b - 5 beef jerkies
 o - 5 meat rations
 p - a royal jelly
 x - 3 fruits
 G - a slice of pizza
 J - 2 chunks of flesh


   Skills:
 + Level 9.2 Fighting
 + Level 7.7 Dodging
 * Level 11.1 Unarmed Combat
 + Level 7.3 Invocations
 + Level 3.1 Evocations


You had 10 spell levels left.
You didn't know any spells.

Dungeon Overview and Level Annotations

Branches:
Dungeon (11/15)            Temple (1/1) D:4            Lair (0/8) D:10
    Orc: D:9-12

Altars:
Ashenzari
Cheibriados
Dithmenos
Elyvilon
Fedhas
Gozag
Kikubaaqudgha
Nemelex Xobeh
Okawaru
Pakellas
Qazlal
Ru
Trog
Vehumet
Xom
Yredelemnul
Zin
The Shining One

Shops:
D:8 *   D:9 }

Portals:
Trove: D:10 (give 7 potions of agility)

Annotations:
D:5 Menkaure
D:7 2 runed doors
D:8 Gastronok
D:9 Uhlv's ghost, journeyman GrFi


Innate Abilities, Weirdness & Mutations

You can breathe waves of freezing cold.
You can buffet flying creatures when you breathe cold.
Your icy white scales are hard (AC +7).
Your body does not fit into most forms of armour.
Your flesh is very cold resistant.
You are cold-blooded and may be slowed by cold attacks.
You are frail (-10% HP).
Your system is resistant to poisons.
Your spells are a little harder to cast, but a little more powerful.


Message History

Unknown command.
You closely miss the white ugly thing.
You punch the white ugly thing, but do no damage.
The white ugly thing is heavily wounded.
The white ugly thing tentacle-slaps you.
* * * LOW HITPOINT WARNING * * *
The white ugly thing freezes you. You resist.
* * * LOW HITPOINT WARNING * * *
Unknown command.
You punch the white ugly thing! You tail-slap the white ugly thing.
The white ugly thing is severely wounded.
The white ugly thing completely misses you.
Unknown command.
You punch the white ugly thing!
The white ugly thing is severely wounded.
Unknown command.
You hit the white ugly thing.
The white ugly thing is almost dead.
The white ugly thing tentacle-slaps you!
You die...

..#### .....# #.
.....# #.# .....# ..
.....# #.# .....# ..
.....# #.## .....#
#.u# '##### #@# ...##
#.# ##..# #.# ##.#
#.# ###'####
#####'####
.......#####........#
.....>.#...'.^......#
.......'.###))......#
.......### #.)......#


You could see a white ugly thing.

Vanquished Creatures
  Pikel (D:7)
  An ugly thing (D:11)
  Joseph (D:7)
  A troll (D:11)
  A two-headed ogre (D:8)
  Sigmund (D:6)
  A spriggan (D:10)
  10 yaks
  A wraith (D:10)
  Eustachio (D:6)
  A hungry ghost (D:7)
  Grum (D:11)
  A mottled dragon (D:11)
  Duvessa (D:6)
  A water moccasin (D:8)
  A black bear (D:9)
  2 wasps
  4 ice beasts
  A sky beast (D:7)
  6 orc warriors
  3 slaves (D:6)
  A necrophage (D:5)
  An ogre (D:9)
  A centaur (D:10)
  2 wolves (D:11)
  Blork the orc (D:5)
  5 giant frogs
  Dowan (D:6)
  A water moccasin skeleton (D:10)
  3 scorpions
  6 killer bees (D:10)
  4 jellies
  A howler monkey (D:7)
  4 crimson imps
  8 hounds
  A wasp zombie (D:8)
  A centaur skeleton (D:9)
  Crazy Yiuf (D:6)
  7 orc priests
  A gnoll shaman (D:7)
  4 iguanas
  Jessica (D:2)
  A giant frog skeleton (D:6)
  11 orc wizards
  6 worker ants
  A hound skeleton (D:5)
  2 worker ant zombies
  5 adders
  3 gnolls (D:7)
  2 shadow imps
  A giant eyeball (D:4)
  2 adder zombies
  4 worms
  2 dart slugs (D:1)
  3 giant geckos
  51 orcs
  7 giant cockroaches
  11 goblins
  18 hobgoblins
  5 jackals
  2 quokkas
  A ball python (D:3)
  5 bats
  A giant gecko zombie (D:6)
  11 giant newts
  A jackal zombie (D:6)
  10 kobolds
  8 rats
270 creatures vanquished.

Notes
Turn   | Place    | Note
--------------------------------------------------------------
     0 | D:1      | 4thArraOfDagon the Draconian Chaos Knight began the quest for the Orb.
     0 | D:1      | Reached XP level 1. HP: 19/19 MP: 1/1
    72 | D:1      | XOM: potion effect (haste)
   112 | D:1      | Reached XP level 2. HP: 17/26 MP: 2/2
   165 | D:1      | XOM: divination: magic mapping
   419 | D:2      | Reached XP level 3. HP: 33/33 MP: 3/3
   427 | D:2      | XOM: harmless Summ miscast
   443 | D:2      | Noticed Jessica
   467 | D:2      | Killed Jessica
   489 | D:2      | Found a glowing silver altar of Zin.
   576 | D:2      | Reached skill level 4 in Unarmed Combat
   576 | D:2      | Reached XP level 4. HP: 19/40 MP: 4/4
   598 | D:2      | Found an iron altar of Okawaru.
   604 | D:2      | Found a shattered altar of Ashenzari.
  1046 | D:3      | Found a bloodstained altar of Trog.
  1116 | D:3      | XOM: noise
  1130 | D:3      | XOM: noise
  1147 | D:3      | Noticed Ijyb
  1148 | D:3      | XOM: swap monsters
  1150 | D:3      | Noticed Ijyb
  1150 | D:3      | Ijyb changed into Ijyb the scorpion
  1150 | D:3      | XOM: polymorph Ijyb -> Ijyb the scorpion
  1176 | D:3      | XOM: snakes to sticks
  1178 | D:3      | HP: 1/40 [Ijyb the scorpion (6)]
  1182 | D:3      | Killed Ijyb the scorpion
  1182 | D:3      | Reached XP level 5. HP: 26/47 MP: 5/5
  1217 | D:3      | XOM: silly message
  1226 | D:3      | XOM: summons friendly white imp
  1324 | D:3      | Found a sacrificial altar of Ru.
  1428 | D:3      | XOM: god gift: 32 gold pieces
  1506 | D:4      | XOM: polymorph adder -> giant eyeball
  1510 | D:4      | Paralysed by a giant eyeball for 2 turns
  1526 | D:4      | Found a blossoming altar of Fedhas.
  1627 | D:4      | Found a radiant altar of Vehumet.
  1660 | D:4      | Found a staircase to the Ecumenical Temple.
  1666 | Temple   | Entered the Ecumenical Temple
  1686 | Temple   | Fell from the grace of Xom
  1686 | Temple   | Became a worshipper of Cheibriados the Contemplative
  2397 | D:3      | Reached skill level 5 in Unarmed Combat
  2397 | D:3      | Reached XP level 6. HP: 21/53 MP: 6/6
  2706 | D:4      | Found a glowing golden altar of the Shining One.
  2717 | D:4      | XOM: noise
  2730 | D:4      | XOM: mild Necr miscast
  2863 | D:5      | Entered Level 5 of the Dungeon
  2903 | D:5      | Reached * piety under Cheibriados
  2955 | D:5      | Reached skill level 1 in Invocations
  3024 | D:5      | Reached skill level 5 in Fighting
  3033 | D:5      | Noticed Blork the orc
  3084 | D:5      | Noticed Menkaure
  3110 | D:6      | XOM: 1-stop teleportation journey
  3128 | D:6      | Noticed a slave
  3128 | D:6      | Noticed a slave
  3128 | D:6      | Noticed a slave
  3129 | D:6      | Noticed Pikel
  3134 | D:6      | Your scales start taking on an icy white colour.
  3134 | D:6      | Reached XP level 7. HP: 41/60 MP: 8/8
  3134 | D:6      | Gained mutation: Your flesh is cold resistant. [White Draconian growth]
  3135 | D:6      | :(
  3313 | D:6      | Noticed Crazy Yiuf
  3346 | D:6      | Killed Crazy Yiuf
  3389 | D:6      | You fall through a shaft for 3 floors!
  3394 | D:10     | Entered Level 10 of the Dungeon
  3420 | D:10     | Was placed under penance by Cheibriados
  3429 | D:10     | Reached skill level 6 in Unarmed Combat
  3482 | D:10     | Found a portal to a secret trove of treasure.
  3512 | D:10     | XOM: summons 1 hostile demon
  3533 | D:9      | Found Ceoqus's Gadget Shoppe.
  3551 | D:10     | Was forgiven by Cheibriados
  3687 | D:10     | XOM: 1-stop teleportation journey
  3710 | D:10     | Reached XP level 8. HP: 45/69 MP: 10/10
  3795 | D:10     | Reached skill level 7 in Unarmed Combat
  3878 | D:9      | Reached skill level 5 in Dodging
  3931 | D:9      | Reached ** piety under Cheibriados
  4077 | D:8      | Noticed Gastronok
  4282 | D:9      | Reached skill level 8 in Unarmed Combat
  4340 | D:8      | Reached XP level 9. HP: 62/77 MP: 7/12
  4353 | D:8      | Found Nazoaheo's Needful Niceties.
  4488 | D:9      | Found an ancient bone altar of Kikubaaqudgha.
  4554 | D:9      | XOM: mild Trmt miscast
  4572 | D:8      | XOM: summons 3 hostile shadow creatures
  4636 | D:8      | Reached *** piety under Cheibriados
  4638 | D:8      | Reached skill level 5 in Invocations
  4767 | D:7      | Found a runed door.
  4779 | D:7      | Noticed Joseph
  4781 | D:7      | Found a runed door.
  4790 | D:7      | Killed Joseph
  4884 | D:7      | Reached skill level 9 in Unarmed Combat
  4902 | D:6      | Noticed Dowan
  4903 | D:6      | Noticed Duvessa
  4916 | D:6      | Killed Duvessa
  4926 | D:6      | Noticed Sigmund
  4949 | D:7      | Killed Pikel
  4951 | D:7      | Gained mutation: You evolve. [mutagenic meat]
  4952 | D:7      | Gained mutation: Your flesh is very cold resistant. [mutagenic meat]
  4953 | D:7      | Gained mutation: Your spells are a little harder to cast, but a little more powerful. [mutagenic meat]
  4954 | D:7      | Gained mutation: Your system is resistant to poisons. [mutagenic meat]
  4955 | D:7      | Lost mutation: You evolve. [mutagenic meat]
  4977 | D:7      | emiel: nice!
  5161 | D:7      | Found a shimmering altar of Xom.
  5372 | D:5      | Reached XP level 10. HP: 87/87 MP: 14/14
  5443 | D:5      | Found a bloodstained altar of Trog.
  5595 | D:5      | Reached **** piety under Cheibriados
  5739 | D:5      | Killed Blork the orc
  5906 | D:6      | Killed Sigmund
  5936 | D:6      | Noticed Eustachio
  5956 | D:6      | Killed Dowan
  5966 | D:6      | Killed Eustachio
  6012 | D:6      | 4thArraOfDagon: almost
  6219 | D:7      | XOM: medium Hex miscast
  6289 | D:7      | XOM: enchant monster (bad)
  6374 | D:8      | Reached skill level 10 in Unarmed Combat
  6444 | D:9      | Noticed Uhlv's ghost (journeyman GrFi)
  6476 | D:10     | Found a staircase to the Lair.
  6719 | D:9      | Reached skill level 1 in Evocations
  7102 | D:11     | Noticed Grum
  7107 | D:11     | Killed Grum
  7112 | D:11     | Reached ***** piety under Cheibriados
  7174 | D:11     | XOM: medium Fire miscast
  7219 | D:11     | XOM: mild Hex miscast
  7232 | D:11     | Reached skill level 11 in Unarmed Combat
  7232 | D:11     | Reached XP level 11. HP: 80/96 MP: 16/16
  7275 | D:11     | Noticed a white ugly thing
  7284 | D:11     | Killed a white ugly thing
  7290 | D:11     | Gained mutation: You are frail (-10% HP). [mutagenic meat]
  7340 | D:11     | Noticed a white ugly thing
  7356 | D:11     | Slain by a white ugly thing

Vault maps used:
D:1:      dpeg_arrival_prison
D:2:      lemuel_doored_altar, minitemple, first_bread, uniq_jessica
D:3:      lemuel_coloured_pillars_altar, trog_book, uniq_iyjb
D:4:      vehumet_altar_wand_db, fedhas_altar_fruit_tree, old_standard_altar,
          temple_green, sigmund_army
D:5:      makhleb_grotto_becter, lemuel_round_altar, kennysheep_little_box,
          feat_on_display, uniq_menkaure, uniq_blork_the_orc
D:6:      uniq_eustachio, uniq_crazy_yiuf_cottage, uniq_duvessa, uniq_pikel,
          uniq_sigmund
D:7:      lemuel_insect_pit, lemuel_round_altar, uniq_joseph
D:8:      corexii_shack_village, nicolae_alphabet_shops, uniq_gastronok
D:9:      kiku_gazebo_pond_becter, serial_shops, shop
D:10:     lair_0_dummy, nicolae_trove_entry_crystal, the_bakery
D:11:     minmay_fountain_box, grunt_pakellas_basics, uniq_grum
Temple:   minmay_temple_bridge_a_8

Skill      XL: |  1  2  3  4  5  6  7  8  9 10 11 |
---------------+----------------------------------+-----
Fighting       | 4 5 6 8 9 |  9.2
Unarmed Combat | 4 5 6 8 9 11 | 11.1
Dodging        | 3 4 5 6 7 |  7.7
Invocations    | 1 3 4 6 7 |  7.3
Evocations     | 2 3 |  3.1

Action                   |  1- 3 |  4- 6 |  7- 9 | 10-12 || total
-------------------------+-------+-------+-------+-------++-------
Melee: Unarmed           |   140 |   337 |   362 |   259 ||  1098
Throw: Throwing net      |       |       |     1 |       ||     1
Invok: Bend Time         |       |       |     3 |     2 ||     5
       Slouch            |       |       |       |     1 ||     1
 Abil: Breathe Frost     |       |       |    20 |    16 ||    36
Evoke: Wand              |       |       |     5 |     1 ||     6
  Use: Potion            |       |     2 |     3 |       ||     5
       Scroll            |       |     6 |     3 |     4 ||    13
 Stab: Sleeping          |       |     2 |     1 |     2 ||     5
       Held in net/web   |       |       |     1 |       ||     1
       Distracted        |       |       |       |     1 ||     1
  Eat: Chunk             |       |     9 |     7 |    11 ||    27
       Fruit             |       |       |     8 |     1 ||     9
       Pizza             |       |       |     1 |       ||     1
